| TOP OF THE 1ST |
|
Clemson University Tigers batting - Pitching for Ohio State University Buckeyes : RHP Ben Fekete
|
|
Pitching: RHP Ben Fekete
|
|
|
Batting: LHB Steve Gates
|
0-0: Ball 1-0: SINGLE (Flyball, 34D, EV 88.1 MPH)
|
|
Batting: LHB Santiago Carrillo
|
0-0: Fielders Choice at 2nd, 4-6 (Groundball, 34S, EV 83.1 MPH)
|
|
Batting: RHB Josh LeSage
|
0-0: Ball 1-0: Ball 2-0: Swinging Strike 2-1: Ball 3-1: Base on Balls Santiago Carrillo to second
|
|
Batting: LHB George Jedinak
|
0-0: Fly out, F7 (Flyball, 7D, EV 98.8 MPH) Runner from 2nd tags up, SAFE at 3rd, no throw by LF
|
|
Batting: LHB Jochen Salt
|
0-0: Ball 1-0: 3-RUN HOME RUN (Flyball, 9D, EV 103.1 MPH), Distance : 388 ft
|
|
Batting: RHB Jason Duncan
|
0-0: Called Strike 0-1: Ball 1-1: Foul Ball, location: 2F 1-2: Foul Ball, location: 2F 1-2: Ground out 6-3 (Groundball, 6, EV 105.0 MPH)
|
| Top of the 1st over - 3 runs, 2 hits, 0 errors, 0 left on base; Clemson University 3 - Ohio State University 0 |
| BOTTOM OF THE 1ST |
|
Ohio State University Buckeyes batting - Pitching for Clemson University Tigers : RHP Quintin Duncombe
|
|
Pitching: RHP Quintin Duncombe
|
|
|
Batting: LHB Anthony Ross
|
0-0: Ground out 6-3 (Groundball, 6M, EV 88.1 MPH)
|
|
Batting: RHB Jacob Carrano
|
0-0: Called Strike 0-1: Ball 1-1: Ball 2-1: Foul Ball, location: 2F 2-2: Ball 3-2: Strikes out swinging
|
|
Batting: LHB Tony Abascal
|
0-0: Called Strike 0-1: Called Strike 0-2: Strikes out looking
|
| Bottom of the 1st over - 0 runs, 0 hits, 0 errors, 0 left on base; Clemson University 3 - Ohio State University 0 |
| TOP OF THE 2ND |
|
Clemson University Tigers batting - Pitching for Ohio State University Buckeyes : RHP Ben Fekete
|
|
Batting: LHB Mario Nunez
|
0-0: Ball 1-0: Ground out 4-3 (Groundball, 4, EV 106.9 MPH)
|
|
Batting: LHB Alfredo Padilla
|
0-0: Foul Ball, location: 2F 0-1: Ball 1-1: Foul Ball, location: 2F 1-2: Ball 2-2: Foul Ball, location: 2F 2-2: Foul Ball, location: 2F 2-2: Ground out 6-3 (Groundball, 6MS, EV 71.9 MPH)
|
|
Batting: RHB Danny Gutierrez
|
0-0: Called Strike 0-1: Ball 1-1: Ball 2-1: Foul Ball, location: 2F 2-2: Ball 3-2: Ground out 5-3 (Groundball, 5, EV 83.8 MPH)
|
| Top of the 2nd over - 0 runs, 0 hits, 0 errors, 0 left on base; Clemson University 3 - Ohio State University 0 |
| BOTTOM OF THE 2ND |
|
Ohio State University Buckeyes batting - Pitching for Clemson University Tigers : RHP Quintin Duncombe
|
|
Batting: RHB Tristan Gimple
|
0-0: Ball 1-0: Fly out, F8 (Flyball, 8LD, EV 93.1 MPH)
|
|
Batting: LHB Zach Brandt
|
0-0: Ball 1-0: Ball 2-0: Foul Ball, location: 2F 2-1: Fly out, F7 (Flyball, 7, EV 80.6 MPH)
|
|
Batting: RHB Marcelo Bardelli
|
0-0: Ball 1-0: Ball 2-0: Foul Ball, location: 2F 2-1: Foul Ball, location: 2F 2-2: Strikes out swinging
|
| Bottom of the 2nd over - 0 runs, 0 hits, 0 errors, 0 left on base; Clemson University 3 - Ohio State University 0 |
| TOP OF THE 3RD |
|
Clemson University Tigers batting - Pitching for Ohio State University Buckeyes : RHP Ben Fekete
|
|
Batting: LHB Steve Gates
|
0-0: Fly out, F8 (Flyball, 8RD, EV 100.0 MPH)
|
|
Batting: LHB Santiago Carrillo
|
0-0: Called Strike 0-1: Ball 1-1: Foul Ball, location: 2F 1-2: Foul Ball, location: 2F 1-2: Ground out 5-3 (Groundball, 56, EV 104.4 MPH)
|
|
Batting: RHB Josh LeSage
|
0-0: Called Strike 0-1: Ground out 6-3 (Groundball, 56D, EV 106.9 MPH)
|
| Top of the 3rd over - 0 runs, 0 hits, 0 errors, 0 left on base; Clemson University 3 - Ohio State University 0 |
| BOTTOM OF THE 3RD |
|
Ohio State University Buckeyes batting - Pitching for Clemson University Tigers : RHP Quintin Duncombe
|
|
Batting: LHB Adam Simpson
|
0-0: Ball 1-0: Ground out U3 (Groundball, 34, EV 99.4 MPH)
|
|
Batting: LHB Ben Callaway
|
0-0: Called Strike 0-1: Foul Ball, location: 2F 0-2: Ball 1-2: Ball 2-2: Ball 3-2: Fly out, F9 (Flyball, 89D, EV 96.9 MPH)
|
|
Batting: LHB John King
|
0-0: Ground out 4-3 (Groundball, 4, EV 82.5 MPH)
|
| Bottom of the 3rd over - 0 runs, 0 hits, 0 errors, 0 left on base; Clemson University 3 - Ohio State University 0 |
| TOP OF THE 4TH |
|
Clemson University Tigers batting - Pitching for Ohio State University Buckeyes : RHP Ben Fekete
|
|
Batting: LHB George Jedinak
|
0-0: Called Strike 0-1: Ball 1-1: Swinging Strike 1-2: Strikes out swinging
|
|
Batting: LHB Jochen Salt
|
0-0: Ball 1-0: Ball 2-0: Ball 3-0: Called Strike 3-1: Base on Balls
|
|
Batting: RHB Jason Duncan
|
0-0: Called Strike 0-1: Ball 1-1: Foul Ball, location: 2F 1-2: Ball Pickoff Throw to First - Out! 1-3 2-2: Fly out, F7 (Line Drive, 7S, EV 100.6 MPH)
|
| Top of the 4th over - 0 runs, 0 hits, 0 errors, 0 left on base; Clemson University 3 - Ohio State University 0 |
| BOTTOM OF THE 4TH |
|
Ohio State University Buckeyes batting - Pitching for Clemson University Tigers : RHP Quintin Duncombe
|
|
Batting: LHB Anthony Ross
|
0-0: Ball 1-0: Foul Ball, location: 2F 1-1: Ground out 4-3 (Groundball, 4, EV 82.5 MPH)
|
|
Batting: RHB Jacob Carrano
|
0-0: Ball 1-0: Fly out, F7 (Flyball, 7LS, EV 90.0 MPH)
|
|
Batting: LHB Tony Abascal
|
0-0: Called Strike 0-1: Ball 1-1: Ball 2-1: SINGLE (Line Drive, 7S, EV 111.2 MPH)
|
|
Batting: RHB Tristan Gimple
|
0-0: Ball 1-0: Fielders Choice at 2nd, 6-4 (Groundball, 6, EV 105.0 MPH)
|
| Bottom of the 4th over - 0 runs, 1 hit, 0 errors, 1 left on base; Clemson University 3 - Ohio State University 0 |
| TOP OF THE 5TH |
|
Clemson University Tigers batting - Pitching for Ohio State University Buckeyes : RHP Ben Fekete
|
|
Batting: LHB Mario Nunez
|
0-0: Ball 1-0: Ground out 4-3 (Groundball, 4, EV 108.8 MPH)
|
|
Batting: LHB Alfredo Padilla
|
0-0: Foul Ball, location: 2F 0-1: Ball 1-1: Foul Ball, location: 2F 1-2: Fly out, F8 (Flyball, 8RD, EV 76.2 MPH)
|
|
Batting: RHB Danny Gutierrez
|
0-0: Called Strike 0-1: Ball 1-1: Called Strike 1-2: Foul Ball, location: 2F 1-2: Ball 2-2: Fly out, F9 (Flyball, 9S, EV 85.0 MPH)
|
| Top of the 5th over - 0 runs, 0 hits, 0 errors, 0 left on base; Clemson University 3 - Ohio State University 0 |
| BOTTOM OF THE 5TH |
|
Ohio State University Buckeyes batting - Pitching for Clemson University Tigers : RHP Quintin Duncombe
|
|
Batting: LHB Zach Brandt
|
0-0: Ball 1-0: Foul Ball, location: 2F 1-1: Ball 2-1: Foul Ball, location: 2F 2-2: Foul Ball, location: 2F 2-2: Ground out U3 (Groundball, 34, EV 79.4 MPH)
|
|
Batting: RHB Marcelo Bardelli
|
0-0: Fly out, F8 (Flyball, 8LD, EV 100.0 MPH)
|
|
Batting: LHB Adam Simpson
|
0-0: Called Strike 0-1: Swinging Strike 0-2: Strikes out swinging, 2-3 out at first.
|
| Bottom of the 5th over - 0 runs, 0 hits, 0 errors, 0 left on base; Clemson University 3 - Ohio State University 0 |
| TOP OF THE 6TH |
|
Clemson University Tigers batting - Pitching for Ohio State University Buckeyes : RHP Ben Fekete
|
|
Batting: LHB Steve Gates
|
0-0: Called Strike 0-1: Fly out, F8 (Flyball, 8RS, EV 91.2 MPH)
|
|
Batting: LHB Santiago Carrillo
|
0-0: Swinging Strike 0-1: Fly out, F8 (Flyball, 8RD, EV 101.2 MPH)
|
|
Batting: RHB Josh LeSage
|
0-0: Ground out U3 (Groundball, 3, EV 81.9 MPH)
|
| Top of the 6th over - 0 runs, 0 hits, 0 errors, 0 left on base; Clemson University 3 - Ohio State University 0 |
| BOTTOM OF THE 6TH |
|
Ohio State University Buckeyes batting - Pitching for Clemson University Tigers : RHP Quintin Duncombe
|
|
Batting: LHB Ben Callaway
|
0-0: Called Strike 0-1: Called Strike 0-2: Ball 1-2: Ball 2-2: Foul Ball, location: 2F 2-2: Ball 3-2: Foul Ball, location: 2F 3-2: Foul Ball, location: 2F 3-2: Base on Balls
|
|
Batting: LHB John King
|
0-0: Ball 1-0: Ball 2-0: Foul Ball, location: 2F 2-1: Called Strike 2-2: Fly out, F5 (Popup, 25, EV 86.9 MPH)
|
|
Batting: LHB Anthony Ross
|
0-0: Ball 1-0: Foul Ball, location: 2F 1-1: Swinging Strike 1-2: Foul Ball, location: 2F 1-2: Ball 2-2: DOUBLE (Groundball, 3L, EV 97.5 MPH) Ben Callaway to third
|
|
Batting: RHB Jacob Carrano
|
0-0: Ball 1-0: DOUBLE (Line Drive, 5D, EV 108.1 MPH) Ben Callaway scores Anthony Ross scores
|
|
Batting: LHB Tony Abascal
|
0-0: Ball 1-0: Ball 2-0: SINGLE (Flyball, 78S, EV 91.2 MPH) Jacob Carrano to third Runner from 3rd tries for Home, throw by LF and OUT! 7-2
|
|
Batting: RHB Tristan Gimple
|
0-0: Ball 1-0: Swinging Strike 1-1: Ball 2-1: Swinging Strike 2-2: Ball 3-2: SINGLE (Groundball, 6D, EV 96.9 MPH) Tony Abascal to second Tony Abascal to third
|
|
Batting: LHB Zach Brandt
|
0-0: Fly out, F9 (Flyball, 9, EV 90.0 MPH)
|
| Bottom of the 6th over - 2 runs, 4 hits, 0 errors, 2 left on base; Clemson University 3 - Ohio State University 2 |
| TOP OF THE 7TH |
|
Clemson University Tigers batting - Pitching for Ohio State University Buckeyes : RHP Ben Fekete
|
|
Batting: LHB George Jedinak
|
0-0: Ball 1-0: Swinging Strike 1-1: Foul Ball, location: 2F 1-2: SINGLE (Line Drive, 4D, EV 103.8 MPH)
|
|
Batting: LHB Jochen Salt
|
0-0: Called Strike 0-1: Foul Ball, location: 2F 0-2: Ball 1-2: Foul Ball, location: 2F 1-2: Fly out, F9 (Flyball, 89S, EV 95.6 MPH)
|
|
Batting: RHB Jason Duncan
|
0-0: Swinging Strike 0-1: SINGLE (Line Drive, 6MD, EV 99.4 MPH) George Jedinak to second
|
|
Batting: LHB Mario Nunez
|
0-0: Ball 1-0: Ball 2-0: Hit by Pitch George Jedinak to third Jason Duncan to second
|
|
Batting: LHB Alfredo Padilla
|
0-0: Ball Wild Pitch! George Jedinak scores Jason Duncan to third Mario Nunez to second 1-0: Ball 2-0: Foul Ball, location: 2F 2-1: SINGLE (Groundball, 4D, EV 115.0 MPH) Jason Duncan scores Mario Nunez to third Runner from 3rd tries for Home, SAFE, throw by RF to home
|
|
Pitching: RHP Rodolfo Lrio
|
|
|
Batting: RHB Danny Gutierrez
|
0-0: Fly out, F9 (Flyball, 9D, EV 93.8 MPH)
|
|
Batting: LHB Steve Gates
|
0-0: Foul Ball, location: 2F 0-1: SINGLE (Line Drive, 9S, EV 85.6 MPH) Alfredo Padilla to second
|
|
Batting: LHB Santiago Carrillo
|
0-0: Swinging Strike 0-1: Fly out, F7 (Flyball, 78M, EV 89.4 MPH)
|
| Top of the 7th over - 3 runs, 4 hits, 0 errors, 2 left on base; Clemson University 6 - Ohio State University 2 |
| BOTTOM OF THE 7TH |
|
Ohio State University Buckeyes batting - Pitching for Clemson University Tigers : RHP Quintin Duncombe
|
|
Batting: RHB Marcelo Bardelli
|
0-0: Foul Ball, location: 2F 0-1: Fly out, F2 (Popup, 13S, EV 95.0 MPH)
|
|
Pitching: RHP Trevor Doyle
|
|
|
Batting: LHB Adam Simpson
|
0-0: Ball 1-0: Swinging Strike 1-1: Fly out, F8 (Flyball, 78M, EV 82.5 MPH)
|
|
Batting: LHB Ben Callaway
|
0-0: Foul Ball, location: 2F 0-1: Called Strike 0-2: Ball 1-2: Ground out 6-3 (Groundball, 6, EV 90.0 MPH)
|
| Bottom of the 7th over - 0 runs, 0 hits, 0 errors, 0 left on base; Clemson University 6 - Ohio State University 2 |
| TOP OF THE 8TH |
|
Clemson University Tigers batting - Pitching for Ohio State University Buckeyes : RHP Rodolfo Lrio
|
|
Batting: RHB Josh LeSage
|
0-0: Swinging Strike 0-1: Foul Ball, location: 2F 0-2: Ball 1-2: Foul Ball, location: 2F 1-2: SINGLE (Groundball, 4M, EV 107.5 MPH) (infield hit)
|
|
Batting: LHB George Jedinak
|
0-0: Called Strike 0-1: Foul Ball, location: 2F 0-2: Foul Ball, location: 2F 0-2: Strikes out swinging
|
|
Batting: LHB Jochen Salt
|
0-0: Ball 1-0: Swinging Strike 1-1: SINGLE (Groundball, 56S, EV 68.1 MPH) (infield hit) Josh LeSage to second
|
|
Batting: RHB Jason Duncan
|
0-0: Ball 1-0: Ball 2-0: Called Strike 2-1: Called Strike 2-2: SINGLE (Flyball, 8RS, EV 86.2 MPH) Josh LeSage to third Jochen Salt to second Runner from 3rd tries for Home, SAFE, throw by CF to home
|
|
Batting: LHB Mario Nunez
|
0-0: Foul Ball, location: 2F 0-1: Ball 1-1: Grounds into double play, 3-6-3 (Groundball, 34S, EV 80.0 MPH)
|
| Top of the 8th over - 1 run, 3 hits, 0 errors, 1 left on base; Clemson University 7 - Ohio State University 2 |
| BOTTOM OF THE 8TH |
|
Ohio State University Buckeyes batting - Pitching for Clemson University Tigers : RHP Trevor Doyle
|
|
Batting: LHB John King
|
0-0: Ball 1-0: Fly out, F7 (Line Drive, 7, EV 93.8 MPH)
|
|
Batting: LHB Anthony Ross
|
0-0: SINGLE (Groundball, 3D, EV 100.0 MPH)
|
|
Batting: RHB Jacob Carrano
|
0-0: Ball 1-0: Ball 2-0: Ball 3-0: Called Strike 3-1: SINGLE (Line Drive, 78S, EV 96.9 MPH) Anthony Ross to second
|
|
Batting: LHB Tony Abascal
|
0-0: Called Strike 0-1: Ball 1-1: Foul Ball, location: 2F 1-2: Foul Ball, location: 2F 1-2: Strikes out swinging
|
|
Batting: RHB Tristan Gimple
|
0-0: Ball 1-0: Called Strike 1-1: Foul Ball, location: 2F 1-2: Foul Ball, location: 2F 1-2: Foul Ball, location: 2F 1-2: DOUBLE (Flyball, 8RXD, EV 93.1 MPH) Anthony Ross scores Jacob Carrano to third Runner from 3rd tries for Home, SAFE, no throw by CF
|
|
Pitching: RHP Dustin DeMent
|
|
|
Batting: LHB Zach Brandt
|
0-0: Ground out 4-3 (Groundball, 4, EV 88.1 MPH)
|
| Bottom of the 8th over - 2 runs, 3 hits, 0 errors, 1 left on base; Clemson University 7 - Ohio State University 4 |
| TOP OF THE 9TH |
|
Clemson University Tigers batting - Pitching for Ohio State University Buckeyes : RHP Rodolfo Lrio
|
|
Pitching: RHP Roberto Morado
|
|
|
Batting: LHB Alfredo Padilla
|
0-0: Ball 1-0: Ball 2-0: Ball 3-0: Base on Balls
|
|
Batting: RHB Danny Gutierrez
|
0-0: Ball 1-0: Ball 2-0: Sac Bunt to P - play at second, runner OUT! 1-6
|
|
Batting: LHB Steve Gates
|
0-0: Foul Ball, location: 2F 0-1: Ball 1-1: Ball 2-1: Ball 3-1: Base on Balls Danny Gutierrez to second
|
|
Batting: LHB Santiago Carrillo
|
0-0: Ball 1-0: Called Strike 1-1: Swinging Strike 1-2: Strikes out swinging
|
|
Batting: RHB Josh LeSage
|
0-0: Called Strike 0-1: Fly out, F8 (Flyball, 89D, EV 95.0 MPH)
|
| Top of the 9th over - 0 runs, 0 hits, 0 errors, 2 left on base; Clemson University 7 - Ohio State University 4 |
| BOTTOM OF THE 9TH |
|
Ohio State University Buckeyes batting - Pitching for Clemson University Tigers : RHP Dustin DeMent
|
|
Pitching: LHP Will West
|
|
|
Batting: RHB Marcelo Bardelli
|
0-0: Ball 1-0: Ground out 6-3 (Groundball, 6, EV 83.1 MPH)
|
|
Pinch Hitting: RHB Bo Wu
|
0-0: Ball 1-0: Called Strike 1-1: Fly out, F9 (Flyball, 9D, EV 90.6 MPH)
|
|
Pinch Hitting: RHB David Guillen
|
0-0: Called Strike 0-1: Ball 1-1: SOLO HOME RUN (Flyball, 78XD, EV 106.2 MPH), Distance : 415 ft
|
|
Pinch Hitting: RHB Masatoshi Mori
|
0-0: Ground out 1-3 (Groundball, 13S, EV 73.1 MPH)
|
| Bottom of the 9th over - 1 run, 1 hit, 0 errors, 0 left on base; Clemson University 7 - Ohio State University 5 |
|